 Dungeon Crawl Stone Soup version 0.17-a0-1951-g62301d3 (webtiles) character file.

22 Kuldar the Magician (level 2, 0/15 HPs)
             Began as a Deep Elf Wizard on Oct 3, 2015.
             Slain by a jackal (2 damage)
             ... on level 1 of the Dungeon.
             The game lasted 00:02:19 (672 turns).

Kuldar the Magician (Deep Elf Wizard)                Turns: 672, Time: 00:02:19

Health: 0/15       AC:  2    Str:  4    XL:     2   Next: 68%
Magic:  0/10       EV: 12    Int: 22    God:    Xom [..*...]
Gold:   46         SH:  0    Dex: 13    Spells: 1 memorised, 10 levels left

rFire  . . .     SeeInvis .     e - -2 short sword (curse)
rCold  . . .     Clarity  .     a - +0 robe
rNeg   . . .     SustAt   .     (no shield)
rPois  .         Gourm    .     b - +0 hat
rElec  .         Spirit   .     (no cloak)
rCorr  .         Warding  .     (no gloves)
rMut   .         Stasis   .     (no boots)
MR     .....                    (no amulet)
Stlth  ++........               (no ring)
                                (no ring)

@: not resistant to hostile enchantments, unstealthy
A: no striking features
a: Renounce Religion


You were on level 1 of the Dungeon.
You worshipped Xom.
You were a toy of Xom.
You were not hungry.

You visited 1 branch of the dungeon, and saw 1 of its levels.

You collected 46 gold pieces.

Inventory:

Hand weapons
 e - a cursed -2 short sword (weapon)
Armour
 a - a +0 robe (worn)
 b - a +0 hat (worn)
Scrolls
 g - a scroll of recharging {unknown}
 h - 2 scrolls of identify {unknown}
 j - a scroll of remove curse {unknown}
 k - 2 scrolls of blinking {unknown}
Books
 c - a book of Minor Magic

   Spells                             Type                      Level
   a - Magic Dart                     Conjuration                  1
   b - Blink                          Translocation                2
   c - Call Imp                       Summoning                    2
   d - Repel Missiles                 Charms/Air                   2
   e - Slow                           Hexes                        2
   f - Conjure Flame                  Conjuration/Fire             3
   g - Mephitic Cloud                 Conjuration/Poison/Air       3
Comestibles
 d - a bread ration
 f - a beef jerky
 i - 2 meat rations


   Skills:
 - Level 2.4 Dodging
 - Level 2.4 Stealth
 * Level 5.1 Spellcasting
 * Level 2.1 Conjurations
   Level 1.1 Summonings
   Level 1.1 Translocations


You had 10 spell levels left.
You knew the following spells:

 Your Spells              Type           Power        Failure   Level  Hunger
a - Magic Dart            Conj           ##..         6%          1    None


Dungeon Overview and Level Annotations

Branches:
Dungeon (1/15)

Altars:
Xom


Message History

The jackal barely misses you.
Casting: Magic Dart
Confirm with . or Enter, or press ? or * to list all spells.
Aiming: Magic Dart
Press: ? - help, Shift-Dir - straight line, f/p - jackal
Aim: a jackal (heavily wounded)
The magic dart hits the jackal.
The jackal is almost dead.
The jackal closely misses you.
The jackal bites you but does no damage.
Casting: Magic Dart
Confirm with . or Enter, or press ? or * to list all spells.
Aiming: Magic Dart
Press: ? - help, Shift-Dir - straight line, f/p - jackal
Aim: a jackal (heavily wounded)
The magic dart hits the jackal.
You kill the jackal!
The jackal bites you.
You die... "It was about time."

...! .... ..# #(.# #..###.#
#.K# #..#.#.##
#.###.†###..#.#..# #
#.....†..........##.#
#.###.(###..###.....#
#......#..#.#..####
#.###.K###..#.#.## ###
#......).h@.....# #..
#..###..######..##########.#
#.#####.#####...........##.#
..............#######.......
##.####.####..# #.#.##.# #.#
#..#######.#.##.# ###
#####...##.#.##.#
###....#.##.#.##.#
###......#.##.#.##.#


You could see a jackal and a kobold.

Vanquished Creatures
  A giant cockroach (D:1)
  2 hobgoblins (D:1)
  3 jackals (D:1)
  5 kobolds (D:1)
  A giant gecko (D:1)
  2 giant newts (D:1)
  2 goblins (D:1)
  8 rats (D:1)
24 creatures vanquished.

Notes
Turn   | Place    | Note
--------------------------------------------------------------
     0 | D:1      | Kuldar the Deep Elf Wizard began the quest for the Orb.
     0 | D:1      | Reached XP level 1. HP: 10/10 MP: 7/7
   162 | D:1      | Reached XP level 2. HP: 12/15 MP: 5/9
   276 | D:1      | Found a shimmering altar of Xom.
   320 | D:1      | Reached skill level 5 in Spellcasting
   339 | D:1      | Became a worshipper of Xom the Capricious
   620 | D:1      | XOM: harmless Necr miscast
   672 | D:1      | Slain by a jackal

Vault maps used:
D:1:      minmay_arrival_floating_metal, minivault_24, kennysheep_crisscross,
          minivault_23, supply_closet_lemuel, minmay_tree_intersection,
          hangedman_abyss_or_decor_lesser_grid, eino_curves_01,
          minmay_misc_feat_nine_boxes, xom_teletrap_fun

Action                   || total
-------------------------++-------
Melee: Short sword       ||     3
 Cast: Magic Dart        ||    54
